 Dungeon Sprint DCSS version 0.20.1-1-g8b1a95d (webtiles) character file.

0 IDKthis2c the Ducker (level 1, -7/13 HPs)
             Began as a Halfling Monk on Aug 24, 2017.
             Was a Believer of Hepliaklqana.
             Killed themself with a badly aimed iceblast (13 damage)
             ... in the Dungeon (Sprint V: "Ziggurat Sprint").
             The game lasted 00:04:35 (114 turns).

IDKthis2c the Ducker (Halfling Monk)                 Turns: 114, Time: 00:04:37

Health: -7/13      AC: 15    Str: 12    XL:     1   Next: 0%
Magic:  1/1        EV:  8    Int:  8    God:    Hepliaklqana [**....]
Gold:   0          SH:  0    Dex: 16    Spells: 0/0 levels left

rFire    . . .     SeeInvis .   l - +5 broad axe
rCold    . . .     Gourm    .   (shield currently unavailable)
rNeg     . . .     Faith    .   m - +5 shadow dragon scales
rPois    .         Spirit   .   (no helmet)
rElec    .         Reflect  .   (no cloak)
rCorr    .         Harm     .   (no gloves)
MR       .....     NoTele   +   (no boots)
Stlth    +++.......             (no amulet)
Regen    0.1/turn               (no ring)
MPRegen  0.1/turn               (no ring)

@: no status effects
A: reduced essence, mutation resistance 1
a: Recall Ancestor, Ancestor Identity, Renounce Religion


You were in the Dungeon.
You worshipped Hepliaklqana.
Hepliaklqana was pleased with you.
You were not hungry.

You visited 1 branch

Inventory:

Hand Weapons
 a - a +0 hand axe
 l - a +5 broad axe (weapon)
Armour
 b - a +0 robe
 m - +5 shadow dragon scales (worn)
 n - a +5 crystal plate armour
 o - +5 gold dragon scales
Jewellery
 G - a +6 ring of dexterity
 H - a +6 ring of dexterity
 I - a +6 ring of intelligence
 J - a +6 ring of intelligence
 K - a +6 ring of strength
 L - a +6 ring of strength
 M - an uncursed ring of flight
Wands
 C - a wand of disintegration (7/24)
 D - a wand of iceblast (5/15)
 E - a wand of lightning (4/15)
 F - a wand of acid (5/15)
Scrolls
 i - 4 scrolls of blinking
 v - 4 scrolls of amnesia
 w - 3 scrolls of recharging
 x - 7 scrolls of fog
 y - a scroll of holy word
 z - 5 scrolls of identify
 A - 5 scrolls of remove curse
 B - 2 scrolls of fear
Potions
 d - 10 potions of curing
 e - 9 potions of heal wounds
 f - 6 potions of haste
 g - 7 potions of magic
 h - 3 potions of berserk rage
 p - 2 potions of brilliance
 q - 2 potions of invisibility
 r - 4 potions of resistance
 s - a potion of experience
 t - 5 potions of agility
 u - 5 potions of might
Miscellaneous
 N - a lightning rod (4/4)
Comestibles
 c - 5 bread rations
 j - 42 fruits
 k - 4 meat rations


   Skills:
 + Level 2.6 Fighting
 + Level 3.0 Axes
 + Level 3.2 Dodging
 + Level 2.1 Stealth


You couldn't memorise any spells.
You didn't know any spells.

Dungeon Overview and Level Annotations

Branches:
Dungeon (1/1)

Altars:
Ashenzari
Cheibriados
Dithmenos
Elyvilon
Fedhas
Gozag
Hepliaklqana
Kikubaaqudgha
Makhleb
Nemelex Xobeh
Okawaru
Qazlal
Ru
Sif Muna
Trog
Uskayaw
Vehumet
Xom
Yredelemnul
Zin
The Shining One
Beogh
Jiyva
Lugonu

Annotations:
D 1 transporter


Innate Abilities, Weirdness & Mutations

You are small and have problems with some larger weapons.
You are somewhat resistant to further mutation.
Your life essence is reduced to manifest your ancestor. (-10% HP)


Message History

The bolt of lightning misses the spriggan.
This wand has 4 charges left.
The wolf barely misses you.
The spriggan hits you but does no damage.
The wolf bites you but does no damage.
The spriggan hits you with a short sword.
The wolf pauses to sniff the ground.
The wolf bites you but does no damage.
Aiming: Iceblast
Press: ? - help, Shift-Dir - straight line, f/p - spriggan
Aim: a spriggan, wielding a short sword and wearing a robe (lightly wounded) That beam is likely to hit you.
Continue anyway? [Y]es or [N]o only, please.
That beam is likely to hit you.
Continue anyway?
The mass of ice explodes!
The iceblast engulfs the spriggan.
The spriggan is heavily wounded.
The iceblast engulfs the wolf.
The wolf is severely wounded.
The iceblast engulfs you!
Ouch! That really hurt!
You die...

▓▓▓▓▓▓▓
▓.8©8.▓
▓.....▓
▓.|.).▓
▓.....▓
▓.ih..▓
▓..@..▓
▓▓▓▓▓▓▓


You could see a spriggan and a wolf.

Vanquished Creatures (others)
  Prince Ribbit (D)
  Dowan (D)
  Ijyb (D)
  A hexer (D)
4 creatures vanquished.

Notes
Turn   | Place    | Note
-------+----------+-------------------------------------------
     0 | D        | IDKthis2c the Halfling Monk began the quest for the Orb.
     0 | D        | Reached XP level 1. HP: 15/15 MP: 1/1
     0 | D        | Found a blossoming altar of Fedhas.
     2 | D        | Killed Ijyb
     4 | D        | Found a deep blue altar of Sif Muna.
     4 | D        | Found a bloodstained altar of Trog.
     4 | D        | Found a sacrificial altar of Ru.
     4 | D        | Found a stormy altar of Qazlal.
     4 | D        | Found an iron altar of Okawaru.
     5 | D        | Killed Dowan
     9 | D        | Found a sparkling altar of Nemelex Xobeh.
    10 | D        | Found an ancient bone altar of Kikubaaqudgha.
    10 | D        | Found a corrupted altar of Lugonu.
    10 | D        | Found a transporter.
    10 | D        | Found a burning altar of Makhleb.
    10 | D        | Found a viscous altar of Jiyva.
    10 | D        | Found a hazy altar of Hepliaklqana.
    12 | D        | Found an opulent altar of Gozag.
    25 | D        | Became a worshipper of Hepliaklqana the Forgotten
    25 | D        | Reached * piety under Hepliaklqana
    25 | D        | Reached ** piety under Hepliaklqana
    72 | D        | Killed Prince Ribbit
   101 | D        | Remembered your ancestor Beorhtric as a hexer
   103 | D        | Entered arena 2.
   103 | D        | Noticed a spriggan
   103 | D        | Noticed a wolf
   103 | D        | Found a transporter.
   114 | D        | Killed themself with a badly aimed iceblast

Action                   || total
-------------------------++-------
Melee: Broad axe         ||     6
       Hand axe          ||     1
Invok: Ancestor Life: He ||     1
       Ancestor Identity ||     1
Evoke: Wand              ||     1
  Use: Potion            ||     1
Armor: Shadow dragon sca ||    15
Dodge: Dodged            ||    11
